AoeStats
← SrMictlán

Arabia

510181555Analyzed
1v1 RM · 4d ago on Sep 29, 2026· 34m 39s· 2 players
Game mode
Random Map
Map size
Tiny (2 player)
Population
200
Speed
Normal
Resources
Standard
Victory
Conquest
Starting age
Dark Age
Ending age
Imperial Age
RankedLock teamsTeams togetherTeam positionsShared explorationLock speedFull tech treeHidden civsTurbo modeCheats
Victory
Defeat
🇲🇽 Maya · Mexico
917
+15
🇩🇰 Koreans · Denmark
894
-15
Chafen_11
7:47 Loom
10:25 Feudal Age
12:59 Man-at-Arms
16:30 Horse Collar
17:47 Scale Mail Armor
19:58 Forging
24:17 Castle Age
25:28 Wheelbarrow
29:43 Elite Skirmisher
32:43 Fletching
SrMictlán
0:32 Loom
9:41 Feudal Age
10:16 Double-Bit Axe
17:31 Fletching
18:36 Padded Archer Armor
22:37 Castle Age
21:35 Scale Mail Armor
22:51 Crossbowman
23:39 Bodkin Arrow
24:11 Thumb Ring
29:12 Elite Skirmisher
30:14 Leather Archer Armor
29:48 Town Watch
30:17 Gold Mining
30:18 Stone Mining
30:42 Bow Saw
30:16 Horse Collar
32:32 Chain Mail Armor
31:41 Eagle Warrior
32:22 Squires
32:56 Ballistics
Connection lost

Rejoining the realm…

Still unreachable

The connection could not be restored.

Session expired

The server has moved on; the page needs a fresh start.